 Dungeon Crawl Stone Soup version 0.30-a0-632-g346586fe48 (webtiles) character file.

Game seed: 6482059069166490115

448 Quiggy the Chopper (level 7, -5/60 HPs)
             Began as a Hill Orc Fighter on Jan 13, 2023.
             Was an Initiate of Okawaru.
             Killed from afar by Pikel (7 damage)
             ... with a puff of flame
             ... on level 6 of the Dungeon.
             The game lasted 00:25:19 (1771 turns).

Quiggy the Chopper (Hill Orc Fighter)               Turns: 1771, Time: 00:25:20

Health: -5/60      AC:  7    Str: 27    XL:     7   Next: 4%
Magic:  7/7        EV: 10    Int:  8    God:    Okawaru [......]
Gold:   198        SH:  0    Dex: 10    Spells: 6/6 levels left

rFire   . . .      SeeInvis .    a - +0 war axe
rCold   . . .      Faith    +    (no shield)
rNeg    . . .      Spirit   .    b - +0 scale mail
rPois   .          Reflect  .    (no helmet)
rElec   .          Harm     .    (no cloak)
rCorr   .          Rampage  .    (no gloves)
Will    .....                    (no boots) Stlth
                                 i - amulet of faith
HPRegen 0.30/turn                g - +6 ring of strength
MPRegen 0.10/turn                (no ring)

@: no status effects
A: no striking features
a: Renounce Religion


You were on level 6 of the Dungeon.
You worshipped Okawaru.
Okawaru was noncommittal.
You visited 1 branch of the dungeon, and saw 6 of its levels.

You collected 198 gold pieces.

Inventory:

Hand Weapons
 a - a +0 war axe (weapon)
 e - a +0 whip
Armour
 b - a +0 scale mail (worn)
 c - a +0 buckler
Jewellery
 g - a +6 ring of strength (left hand)
 i - an amulet of faith (around neck)
 k - a ring of wizardry
 q - an amulet of guardian spirit
 r - a +5 ring of evasion
Wands
 d - a wand of roots (21)
Scrolls
 h - a scroll of teleportation {unknown}
 j - a scroll of enchant armour {unknown}
 l - 2 scrolls of blinking {unknown}
 m - a scroll of silence {unknown}
 n - a scroll of noise {unknown}
 o - a scroll of brand weapon {unknown}
 s - a scroll of identify {unknown}
Potions
 f - 3 potions of heal wounds {unknown}
 p - a potion of cancellation {unknown}


   Skills:
 + Level 4.9 Fighting
 + Level 6.9 Axes
 + Level 5.0 Armour
 + Level 1.1 Dodging
 + Level 0.1 Stealth
 + Level 3.6 Shields


You had 6 spell levels left.
You didn't know any spells.
Your spell library contained the following spells:

 Spells                   Type           Power      Damage    Failure   Level
 Ensorcelled Hibernation  Hex/Ice        0%         N/A       80%         2
 Passwall                 Tmut/Erth      0%         N/A       80%         2
 Swiftness                Air            0%         N/A       95%         3


Dungeon Overview and Level Annotations

Branches:
Dungeon (6/15)
 Temple: D:4-7

Altars:
Dithmenos
Nemelex Xobeh
Okawaru
Ru
Xom

Annotations:
D:6 Pikel


Message History

You closely miss the lemure.
Pikel checks his coin pouch and frowns.
Pikel zaps a wand.
The puff of flame misses you. The lemure hits you.
Pikel hits you with a +1 whip of flaming!
Pikel burns you.
You closely miss Pikel. You barely miss the lemure.
The lemure hits you but does no damage. Pikel hits you but does no damage.
The lemure hits you but does no damage.
Pikel says, "Dispater doesn't talk much, but I know they dig me."
Pikel hits you with a +1 whip of flaming.
* * * LOW HITPOINT WARNING * * *
Pikel burns you.
* * * LOW HITPOINT WARNING * * *
You hit Pikel.
Pikel is lightly wounded.
You barely miss the lemure.
Pikel hits you with a +1 whip of flaming.
* * * LOW HITPOINT WARNING * * *
Pikel burns you.
* * * LOW HITPOINT WARNING * * *
The lemure hits you.
* * * LOW HITPOINT WARNING * * *
You barely miss Pikel.
Pikel is lightly wounded.
You barely miss the lemure. Pikel barely misses you.
Pikel zaps a wand.
The puff of flame hits you.
* * * LOW HITPOINT WARNING * * *
The lemure barely misses you.
You slash Pikel!
Pikel is heavily wounded.
You slash the lemure!
You kill the lemure!
That felt strangely unrewarding.
Pikel says, "You'll feel the lick of my whip!"
Pikel hits you with a +1 whip of flaming.
* * * LOW HITPOINT WARNING * * *
Pikel burns you.
* * * LOW HITPOINT WARNING * * *
Pikel zaps a wand.
The puff of flame hits you!
You die...

#. .... #. ... #.
... .... .#.. ....
.5.# ... #5.# #.
#K5# #.
#@############ #
#......#.....## ##
#............<###.
#..................
#..................
#..........†....###
#...............#
#...............#
##.............##


You could see Pikel (fast) and 3 lemures.

Vanquished Creatures
  A black bear (D:5)
  A lemure (D:6)
  3 hounds (D:4)
  A gnoll bouda (D:5)
  2 iguanas
  Robin (D:3)
  4 gnolls (D:5)
  6 adders
  A worm (D:2)
  2 dart slugs
  7 orcs
  9 bats
  4 endoplasms
  3 giant cockroaches
  14 goblins
  7 hobgoblins
  2 quokkas
  4 ball pythons
  3 kobolds
  2 rats
77 creatures vanquished.

Vanquished Creatures (others)
  7 fungi (D:5)
7 creatures vanquished.

Grand Total: 84 creatures vanquished

Notes
Turn   | Place    | Note
-------+----------+-------------------------------------------
     0 | D:1      | Quiggy the Hill Orc Fighter began the quest for the Orb.
     0 | D:1      | Reached XP level 1. HP: 19/19 MP: 1/1
   200 | D:1      | Reached XP level 2. HP: 26/27 MP: 2/2
   340 | D:1      | Reached skill level 3 in Axes
   471 | D:2      | Reached XP level 3. HP: 18/33 MP: 3/3
   568 | D:2      | HP: 1/33 [poisoned by an adder]
   582 | D:2      | HP: 1/33 [adder (3)]
   603 | D:4      | Found a sacrificial altar of Ru.
   632 | D:4      | Reached XP level 4. HP: 10/40 MP: 4/4
   779 | D:3      | Reached skill level 4 in Axes
   827 | D:3      | Found an iron altar of Okawaru.
   844 | D:3      | Became a worshipper of Warmaster Okawaru
   888 | D:3      | Found a sparkling altar of Nemelex Xobeh.
   933 | D:3      | Noticed Robin
   936 | D:3      | Reached XP level 5. HP: 44/46 MP: 5/5
   954 | D:3      | Killed Robin
  1223 | D:4      | Reached skill level 5 in Axes
  1230 | D:4      | Found a shadowy altar of Dithmenos.
  1240 | D:4      | Reached XP level 6. HP: 36/53 MP: 6/6
  1399 | D:5      | Entered Level 5 of the Dungeon
  1401 | D:5      | Noticed a black bear
  1411 | D:5      | Killed a black bear
  1412 | D:5      | Reached skill level 6 in Axes
  1412 | D:5      | Reached skill level 1 in Dodging
  1466 | D:5      | Reached skill level 5 in Armour
  1594 | D:6      | Found a shimmering altar of Xom.
  1594 | D:6      | Found a shimmering altar of Xom.
  1597 | D:6      | Found a shimmering altar of Xom.
  1617 | D:6      | Identified the +2 mace of the Forest {drain, rC+ Str+2
                  | Int-3}
  1656 | D:6      | Found a shimmering altar of Xom.
  1709 | D:6      | Found a shimmering altar of Xom.
  1753 | D:6      | Reached XP level 7. HP: 44/60 MP: 7/7
  1761 | D:6      | Noticed Pikel
  1771 | D:6      | HP: 2/60 [Pikel/+1 whip of flaming (2)]
  1771 | D:6      | Killed from afar by Pikel

Illustrated notes

Levels and vault maps discovered:
D:1:      dpeg_arrival_oval, layout_basic, nicolae_figureground_sparkle
D:2:      layout_rooms
D:3:      layout_rooms, okawaru_metal_pillars_1_2, nemelex_diamond_rough_becter,
          serial_glass, glass_columns_b, glass_columns_c, uniq_sigmund,
          uniq_robin
D:4:      layout_loops_ring, nicolae_dithmenos_the_darkroom,
          mainiacjoe_overflow_catwalk
D:5:      layout_loops_cross, mainiacjoe_overflow_chevrons, trog_wizard,
          minmay_temple_entry_statues_fountains, gammafunk_ghost_smash
D:6:      layout_rooms, nicolae_gozag_zags_fifth_avenue, xom_redecorated,
          serial_corexii_hall, corexii_hall_statues_u, chequers_hall_statues_y,
          uniq_duvessa, uniq_crazy_yiuf_cottage, uniq_menkaure, uniq_pikel

Skill      XL: |  1  2  3  4  5  6 |
---------------+-------------------+-----
Fighting       | 4 |  4.9
Axes           | 3 4 5 6 |  6.9
Armour         | 4 5 |  5.0
Dodging        | 1 |  1.1
Stealth        | |  0.1
Shields        | |  3.6

Action                   |  1- 3 |  4- 6 |  7- 9 || total
-------------------------+-------+-------+-------++-------
Melee: War axe           |    96 |   127 |     9 ||   232
       Punch             |     1 |       |       ||     1
Evoke: Wand              |     1 |       |       ||     1
  Use: Potion            |     2 |       |       ||     2
       Scroll            |     1 |       |       ||     1
Armor: Scale mail        |    95 |    78 |     4 ||   177
Dodge: Dodged            |    79 |    96 |     6 ||   181
Block: Buckler           |     4 |       |       ||     4

Table legend: (Time is in decaauts)
 A = Elapsed time spent in this place.
 B = Non-inter-level travel time spent in this place.
 C = Inter-level travel time spent in this place.
 D = Time resting spent in this place.
 E = Time spent auto-exploring this place.
 F = Levels seen in this place.
 G = Mean time per level.
                   A        B        C        D        E       F      G
               +--------+--------+--------+--------+--------+-----+--------+
         Total |   1835 |    665 |   1170 |      0 |     38 |   6 |  305.8 |
       Dungeon |   1835 |    665 |   1170 |      0 |     38 |   6 |  305.8 |
               +--------+--------+--------+--------+--------+-----+--------+

Top non-repeatable levels by time:
     D:4: 476 daAuts
     D:1: 468 daAuts
     D:3: 366 daAuts
     D:6: 218 daAuts
     D:5: 160 daAuts
     D:2: 146 daAuts
